 Dungeon Crawl Stone Soup version 0.28.0-45-g0d030f2227 (webtiles) character file.

Game seed: 5684665627568049726

2450 Eitelfritz the Cleaver (level 9, -2/117 HPs)
             Began as a Hill Orc Fighter on Apr 12, 2022.
             Was an Elder of Uskayaw.
             Slain by a hornet zombie (9 damage)
             ... on level 7 of the Dungeon.
             The game lasted 00:15:38 (6972 turns).

Eitelfritz the Cleaver (Hill Orc Fighter)           Turns: 6972, Time: 00:15:39

Health: -2/117     AC: 12    Str: 23    XL:     9   Next: 49%
Magic:  12/13      EV: 10    Int:  8    God:    Uskayaw [****..]
Gold:   357        SH:  5    Dex: 10    Spells: 8/8 levels left

rFire   + . .      SeeInvis .   a - +0 war axe (flame)
rCold   . . .      Faith    .   c - +0 buckler
rNeg    + . .      Spirit   .   h - +0 scale mail
rPois   .          Reflect  .   (no helmet)
rElec   .          Harm     .   (no cloak)
rCorr   .          Rampage  .   k - +2 pair of gloves
Will    .....                   n - +0 pair of boots
Stlth   ..........              m - amulet of regeneration
HPRegen 1.09/turn               f - ring of protection from fire
MPRegen 0.13/turn               z - ring of positive energy

@: mighty, berserking, studying Axes, very quick
A: no striking features
a: Renounce Religion, Stomp, Line Pass


You were on level 7 of the Dungeon.
You worshipped Uskayaw.
Uskayaw was noncommittal.
You visited 2 branches of the dungeon, and saw 8 of its levels.

You collected 357 gold pieces.

Inventory:

Hand Weapons
 a - a +0 war axe of flaming (weapon)
 b - a +0 fustibalus
 A - a +0 war axe of protection
Missiles
 s - 14 sling bullets
Armour
 c - a +0 buckler (worn)
 h - a +0 scale mail (worn)
 k - a +2 pair of gloves (worn)
 n - a +0 pair of boots (worn)
Jewellery
 f - a ring of protection from fire (left hand)
 j - a ring of magical power
 l - a ring of protection from fire
 m - an amulet of regeneration (around neck)
 p - a +6 ring of intelligence
 z - a ring of positive energy (right hand)
Scrolls
 e - 2 scrolls of teleportation
 o - a scroll of fog
 t - 2 scrolls of blinking
Potions
 u - a potion of invisibility
 x - a potion of magic


   Skills:
 + Level 6.7 Fighting
 + Level 10.5 Axes
 + Level 1.4 Slings
 + Level 6.5 Armour
 + Level 2.5 Dodging
 + Level 1.7 Stealth
 + Level 5.5 Shields
 * Level 5.4 Invocations


You had 8 spell levels left.
You didn't know any spells.
Your spell library contained the following spells:

 Spells                   Type           Power      Damage    Failure   Level
 Gell's Gravitas          Tloc           0%         N/A       98%         3
 Summon Guardian Golem    Hex/Summ       0%         N/A       98%         3
 Teleport Other           Tloc           0%         N/A       98%         3
 Sticky Flame             Conj/Fire      0%         2d3       100%        4
 Metabolic Englaciation   Hex/Ice        0%         N/A       100%        5
 Silence                  Hex/Air        0%         N/A       100%        5
 Dispersal                Tloc           0%         N/A       100%        6
 Orb of Destruction       Conj           0%         9d5       100%        7
 Spellforged Servitor     Conj/Summ      0%         N/A       100%        7


Dungeon Overview and Level Annotations

Branches:
Dungeon (7/15)             Temple (1/1) D:4

Altars:
Ashenzari
Cheibriados
Dithmenos
Fedhas
Gozag
Hepliaklqana
Kikubaaqudgha
Makhleb
Nemelex Xobeh
Okawaru
Qazlal
Ru
Trog
Uskayaw
Vehumet
Wu Jian
Xom
Zin
The Shining One

Shops:
D:4 *

Annotations:
D:7 exclusion: 2 doors


Message History

You hit the wyvern. You burn the wyvern. You miss the water moccasin.
The water moccasin bites you but does no damage.
The wyvern misses you. You block Maggie's attack.
The water moccasin barely misses you.
You barely miss Maggie.
Maggie is almost dead.
You slash the water moccasin! You burn the water moccasin.
You hit the wyvern but do no damage.
The wyvern bites you but does no damage.
The water moccasin barely misses you. Maggie hits you with a +0 glaive!
* * * LOW HITPOINT WARNING * * *
You block the wyvern's attack.
Uskayaw will force your foes to helplessly watch your dance.
Uskayaw prepares the audience for your solo!
The helpless Maggie fails to defend herself.
You slash Maggie! You burn Maggie.
You are no longer entranced.
You kill Maggie!
The helpless water moccasin fails to defend itself.
You slice the water moccasin!! You burn the water moccasin.
You kill the water moccasin!
The helpless wyvern fails to defend itself.
You hit the wyvern. You burn the wyvern.
The wyvern is no longer paralysed.
The wyvern closely misses you. You block the wyvern's attack.
Uskayaw will force your foes to share their pain.
Uskayaw links your audience in an emotional bond!
Your Axes skill increases to level 10!
Your Invocations skill increases to level 5!
A red film seems to cover your vision as you go berserk!
You feel yourself moving faster!
You feel mighty!
The hornet zombie is no longer paralysed.
You block the wyvern's attack.
You slice the wyvern!! You burn the wyvern.
You kill the wyvern!
You hit the hornet zombie. You burn the hornet zombie.
The hornet zombie hits you but does no damage.
You slash the hornet zombie! You burn the hornet zombie!
The hornet zombie is severely damaged.
The hornet zombie hits you!
You die...

. #.. ..
####.###
#<.....#
#@##.#...
#......Z...#
......#.##.#
......#.# ..
.#### #..
..# ... .#
..# . #..


You could see a hornet zombie (pain bonded).

Vanquished Creatures
  A gargoyle (D:7)
  Maggie (D:7)
  A wyvern (D:7)
  Eustachio (D:6)
  3 water moccasins
  A sky beast (D:6)
  A black bear (D:6)
  A necrophage (D:5)
  An ogre (D:6)
  Blork the orc (D:6)
  A scorpion (D:3)
  A wyvern skeleton (D:6)
  A killer bee (D:7)
  A howler monkey (D:4)
  3 hounds
  A jelly (D:6)
  7 iguanas
  Natasha (thrice) (D:3)
  A killer bee zombie (D:7)
  Robin (D:1)
  7 gnolls
  A howler monkey zombie (D:5)
  A shadow imp (D:5)
  10 adders
  A white imp (D:6)
  An ufetubus (D:5)
  4 adder skeletons (D:4)
  2 worms
  4 dart slugs
  3 orcs
  7 ball pythons
  3 endoplasms (D:2)
  4 giant cockroaches
  15 goblins
  10 hobgoblins
  8 kobolds
  2 quokkas
  3 bats
  4 frilled lizards (D:1)
  5 rats
127 creatures vanquished.

Vanquished Creatures (others)
  2 plants (D:7)
2 creatures vanquished.

Grand Total: 129 creatures vanquished

Notes
Turn   | Place    | Note
-------+----------+-------------------------------------------
     0 | D:1      | Eitelfritz the Hill Orc Fighter began the quest for the
                  | Orb.
     0 | D:1      | Reached XP level 1. HP: 19/19 MP: 1/1
   173 | D:1      | You fall into a shaft and drop 1 floor!
   184 | D:2      | Noticed Robin
   187 | D:2      | Reached skill level 3 in Axes
   187 | D:2      | Reached XP level 2. HP: 15/27 MP: 2/2
   440 | D:1      | Reached XP level 3. HP: 24/33 MP: 3/3
   916 | D:2      | Found a faded altar of an unknown god.
  1181 | D:1      | Killed Robin
  1182 | D:1      | Reached XP level 4. HP: 28/40 MP: 4/4
  1540 | D:2      | Reached skill level 4 in Axes
  1796 | D:3      | Found a shadowy altar of Dithmenos.
  1804 | D:3      | Noticed Natasha
  1813 | D:3      | Killed Natasha
  1814 | D:3      | Reached XP level 5. HP: 40/47 MP: 5/5
  2239 | D:3      | Reached skill level 5 in Axes
  2541 | D:3      | Noticed Natasha
  2554 | D:3      | Killed Natasha
  2828 | D:3      | Noticed Natasha
  2838 | D:3      | Killed Natasha
  2839 | D:3      | Reached XP level 6. HP: 46/53 MP: 6/6
  3017 | D:3      | Reached skill level 6 in Axes
  3163 | D:4      | Found Ixkarafy's Elemental Accessories.
  3268 | D:4      | Found a staircase to the Ecumenical Temple.
  3313 | Temple   | Entered the Ecumenical Temple
  3908 | D:4      | Reached XP level 7. HP: 40/60 MP: 7/7
  4010 | D:4      | Found a burning altar of Makhleb.
  4140 | D:5      | Entered Level 5 of the Dungeon
  4232 | D:5      | Reached skill level 7 in Axes
  4244 | D:5      | Found an ornate altar of the Wu Jian Council.
  4244 | D:5      | Found a radiant altar of Vehumet.
  4303 | D:5      | Reached skill level 1 in Dodging
  4692 | D:5      | Reached skill level 5 in Fighting
  4775 | D:5      | Found a hide-covered altar of Uskayaw.
  4783 | D:5      | Became a worshipper of Uskayaw the Reveller
  4830 | D:5      | Reached * piety under Uskayaw
  4834 | D:5      | Reached ** piety under Uskayaw
  4835 | D:5      | Reached skill level 1 in Invocations
  4945 | D:5      | Found an ancient bone altar of Kikubaaqudgha.
  4962 | D:5      | Found a bloodstained altar of Trog.
  5182 | D:6      | Noticed Eustachio
  5211 | D:6      | Reached *** piety under Uskayaw
  5231 | D:6      | Killed Eustachio
  5232 | D:6      | Reached skill level 1 in Stealth
  5232 | D:6      | Reached XP level 8. HP: 45/69 MP: 7/9
  5273 | D:6      | Got the Handbook of Flames and Bewitchment
  5326 | D:6      | Reached skill level 5 in Armour
  5379 | D:6      | Found a blossoming altar of Fedhas.
  5489 | D:6      | Found an opulent altar of Gozag.
  5545 | D:6      | Reached skill level 8 in Axes
  5665 | D:6      | Reached skill level 5 in Shields
  5896 | D:6      | Noticed Blork the orc
  5907 | D:6      | Killed Blork the orc
  5908 | D:6      | Reached skill level 1 in Slings
  5986 | D:6      | Found a glowing silver altar of Zin.
  6372 | D:6      | Identified a scroll of acquirement
  6372 | D:6      | Acquired a manual of Axes
  6531 | D:7      | Reached skill level 9 in Axes
  6585 | D:7      | Noticed a gargoyle
  6599 | D:7      | Killed a gargoyle
  6600 | D:7      | Reached XP level 9. HP: 56/78 MP: 12/12
  6959 | D:7      | Noticed Maggie
  6968 | D:7      | HP: 2/78 [Maggie/+0 glaive (16)]
  6969 | D:7      | Killed Maggie
  6969 | D:7      | Reached **** piety under Uskayaw
  6970 | D:7      | Reached skill level 10 in Axes
  6970 | D:7      | Reached skill level 5 in Invocations
  6972 | D:7      | Slain by a hornet zombie

Illustrated notes

Levels and vault maps discovered:
D:1:      lightli_arrival_windingriver, layout_basic
D:2:      layout_rooms, ebering_ecumenical_altar_box, uniq_robin
D:3:      layout_basic, grunt_dithmenos_smoke_and_mirrors, uniq_natasha
D:4:      minmay_diamond_boxcup, layout_basic, overflow_temple_1_default,
          minmay_temple_entry_trees, nicolae_elemental_shop
D:5:      layout_loops_cross, nicolae_overflow_quartered_altars,
          eat_drink_and_be_merry_uskayaw
D:6:      black_bear_nest_1, layout_basic, zin_statuary, marbit_many_paths,
          general_overflow_altar, uniq_eustachio, uniq_blork_the_orc
D:7:      cheibrodos_two_vegetables, layout_loops_cross, kennysheep_mini_moat,
          minitemple, grunt_ministairs_15, chequers_serial_rivers_micro_c,
          kennysheep_generic_room_4, uniq_maggie, uniq_pikel
Temple:   jpeg_temple_island

Skill      XL: |  1  2  3  4  5  6  7  8  9 |
---------------+----------------------------+-----
Axes           | 3 4 5 6 7 9 10 | 10.5
Fighting       | 4 5 6 |  6.7
Armour         | 4 6 |  6.5
Shields        | 4 5 |  5.5
Dodging        | 1 2 |  2.5
Invocations    | 2 4 5 |  5.4
Stealth        | 1 |  1.7
Slings         | 1 |  1.4

Action                   |  1- 3 |  4- 6 |  7- 9 || total
-------------------------+-------+-------+-------++-------
Melee: War axe           |    94 |   176 |   266 ||   536
 Fire: Fustibalus        |       |       |    12 ||    12
  Use: Scroll            |       |       |    16 ||    16
       Potion            |       |       |     3 ||     3
 Stab: Paralysed         |       |       |     7 ||     7
Armor: Scale mail        |    67 |    93 |   170 ||   330
Dodge: Dodged            |    58 |    79 |   175 ||   312
Block: Buckler           |    33 |    45 |    75 ||   153
